 Dungeon Crawl Stone Soup version 0.30.0 (webtiles) character file.

Game seed: 82770759141447741

162089 brinewave the Severer (level 17, -15/141 (161) HPs)
             Began as a Minotaur Berserker on May 17, 2023.
             Was the Champion of Trog.
             Killed from afar by a ghostly deep elf sorcerer (35 damage)
             ... with a bolt of acid
             ... on level 3 of the Elven Halls.
             The game lasted 01:42:26 (30099 turns).

brinewave the Severer (Minotaur Berserker)         Turns: 30099, Time: 01:42:29

HP:   -15/141 (161) AC: 28    Str: 36    XL:     17   Next: 21%
MP:   16/16         EV: 13    Int:  4    God:    Trog [******]
Gold: 1457          SH: 21    Dex: 10    Spells: 16/16 levels left

rFire   + . .        a - +6 broad axe (venom)
rCold   + + .        Z - +0 tower shield
rNeg    . . .        Q - +4 plate armour {rC+}
rPois   .            I - +1 hat
rElec   .            L - scarf {rC+ rF+}
rCorr   .            w - +2 pair of gloves
SInv    +            V - +0 pair of boots
Will    +....        s - amulet of reflection Stlth
                     f - ring of see invisible
HPRegen 0.43/turn    r - +6 ring of strength
MPRegen 0.15/turn

%: reflection
@: studying Evocations, heavily drained
A: horns 2, retaliatory headbutt
a: Renounce Religion, Berserk, Trog's Hand, Brothers in Arms


You were on level 3 of the Elven Halls.
You worshipped Trog.
Trog was exalted by your worship.
You visited 4 branches of the dungeon, and saw 25 of its levels.
You also visited: Bailey and Ice Cave.

You collected 3831 gold pieces.
You spent 2374 gold pieces at shops.

Inventory:

Hand Weapons
 a - a +6 broad axe of venom (weapon)
 b - a +2 war axe of flaming
 m - a +4 heavy broad axe
Missiles
 e - 9 silver javelins
 E - 13 boomerangs (quivered)
 R - 13 javelins
 T - 2 curare-tipped darts
Armour
 u - the +6 ring mail "Hasipn" {rElec Dex+2}
   (You found it on level 3 of the Elven Halls)

   Dex:       It affects your dexterity (+2).
   rElec:     It insulates you from electricity.
 w - a +2 pair of gloves (worn)
 F - a +2 leather armour of willpower
 I - a +1 hat (worn)
 L - a scarf of resistance (worn)
 Q - a +4 plate armour of cold resistance (worn)
 V - a +0 pair of boots (worn)
 Z - a +0 tower shield (worn)
Jewellery
 f - a ring of see invisible (left hand)
 j - a +4 ring of slaying
 n - an amulet of the acrobat
 r - a +6 ring of strength (right hand)
 s - an amulet of reflection (around neck)
 W - a +5 ring of evasion
Wands
 g - a wand of flame (44)
 l - a wand of light (19)
 B - a wand of digging (17)
 C - a wand of mindburst (22)
 S - a wand of roots (11)
Scrolls
 d - 2 scrolls of fog
 h - 4 scrolls of magic mapping
 p - 3 scrolls of immolation
 t - 3 scrolls of poison
 x - a scroll of summoning
 y - 4 scrolls of fear
 z - 13 scrolls of teleportation
 H - 3 scrolls of silence
 J - 6 scrolls of blinking
 M - 2 scrolls of identify
 Y - a scroll of enchant weapon
Potions
 c - 3 potions of resistance
 i - 6 potions of might
 k - 2 potions of berserk rage
 o - 17 potions of curing
 q - 6 potions of heal wounds
 v - 2 potions of invisibility
 A - 6 potions of haste
 D - a potion of cancellation
 G - 3 potions of lignification
 K - 6 potions of flight
 O - 5 potions of mutation
 X - 4 potions of ambrosia
Miscellaneous
 N - a lightning rod (4/4)
 P - a box of beasts
 U - a tin of tremorstones (2/2)


   Skills:
 + Level 17.3 Fighting
 - Level 18.5 Axes
 + Level 17.2 Armour
 + Level 15.8 Dodging
 + Level 12.7 Shields
 + Level 10.3 Evocations


You had 16 spell levels left.
You didn't know any spells.
Your spell library was empty.

Dungeon Overview and Level Annotations

Branches:
Dungeon (15/15)            Temple (0/1) D:6            Lair (5/5) D:11
  Swamp (0/4) Lair:3       Spider (0/4) Lair:3        Slime (0/5) Lair:4
    Orc (2/2) D:12            Elf (3/3) Orc:2        Vaults (0/5) D:13
 Depths (0/4) D:15         Bailey (visited)           IceCv (visited)

Altars:
Ashenzari
Cheibriados
Fedhas
Gozag
Hepliaklqana
Kikubaaqudgha
Makhleb
Nemelex Xobeh
Qazlal
Ru
Sif Muna
Uskayaw
Wu Jian
Yredelemnul

Shops:
D:2 *   D:6 (*   D:7 *   D:8 ?   Orc:2 :!([(   Elf:1 [

Portals:
Trove: D:14 (give 12 potions of heal wounds)

Annotations:
D:5 1 runed translucent door, Crazy Yiuf


Innate Abilities, Weirdness & Mutations

You have a pair of horns on your head.
You reflexively headbutt those who attack you in melee.


Message History

You slash the deep elf death mage!
The deep elf death mage looks as sick as possible!
You closely miss the ghostly deep elf annihilator.
The deep elf sorcerer hits you with a +0 rapier.
Your troll bites the ghostly deep elf annihilator!
Your troll claws the ghostly deep elf annihilator!
Your troll claws the ghostly deep elf annihilator!!
The ghostly deep elf annihilator is destroyed!
Trog accepts your kill.
Trog appreciates your killing of a magic user.
You slash the ghostly deep elf annihilator!
You destroy the ghostly deep elf annihilator!
Trog accepts your kill.
Trog appreciates your killing of a magic user.
You hit the deep elf sorcerer.
The deep elf sorcerer looks as sick as possible!
You barely miss the deep elf death mage.
The deep elf sorcerer hits you but does no damage.
The deep elf death mage gestures at you while chanting.
The bolt of negative energy hits you!!
You feel drained.
* * * LOW HITPOINT WARNING * * *
The deep elf sorcerer shouts, "You are history!"
The deep elf sorcerer gestures at you while chanting.
You resist with significant effort.
You closely miss the deep elf sorcerer. You headbutt the deep elf sorcerer.
The deep elf sorcerer is no longer moving quickly.
The deep elf sorcerer looks more healthy.
The lost soul assumes the form of the deep elf sorcerer and becomes anchored to this world!
You hit the deep elf death mage.
The deep elf death mage looks as sick as possible!
The deep elf death mage casts a spell at you.
The bolt of negative energy hits you but does no damage.
The deep elf death mage attacks as you move away!
You block the deep elf death mage's attack.
Your troll bites the ghostly deep elf sorcerer!
Your troll misses the ghostly deep elf sorcerer.
Your troll claws the ghostly deep elf sorcerer!!
The ghostly deep elf sorcerer points at you and mumbles some strange words.
The bolt of acid hits you!!
You die...

#####≈≈~~~≈~~~~~≈~~~~~≈~~≈~≈~≈≈#
#...##≈≈≈≈≈≈≈≈~≈≈≈≈≈≈≈≈≈≈≈≈≈≈≈≈#
.....###########################
......'........................#
..♣...'........................#
......#+#######+#########'######
.....##......#........#........#
#)..##.......'...T..(.#....[...#
#''##........#.)@.e...'........#
#..#...###########e#############
#..#...# #.))## #..+...# ##)).##
#..#...# ##.).# #.:# ..# ##...#
#.)# '# ...## #..# .# ).## #..#
.# e.##


You could see a deep elf death mage (extremely poisoned), a ghostly deep elf
sorcerer (ally target) and a friendly troll (summoned, berserk).

Vanquished Creatures
  A juggernaut (Orc:1)
  Jorgrun (D:14)
  Rupert (D:12)
  2 deep elf sorcerers
  Louise (D:14)
  4 deep elf annihilators
  3 deep elf demonologists (Elf:3)
  The ghost of Urrug the Thaumaturge, a journeyman DjHW of Makhleb (Lair:4)
  A dire elephant (Lair:5)
  A minotaur (Lair:4)
  An ettin (Orc:2)
  A deep elf death mage (Elf:3)
  A deep elf high priest (Elf:3)
  8 hydras
  2 catoblepae (Lair:5)
  8 two-headed ogres
  2 ogre magi
  6 centaur warriors
  The ghost of Vixxxy the Blocker, a novice MiFi of Fedhas (D:9)
  30 dancing weapons
  3 boulder beetles
  A tengu warrior (D:14)
  A deep troll shaman (Lair:5)
  4 death yaks (Lair:5)
  9 deep elf knights
  An orc high priest (Orc:2)
  Urug (D:13)
  11 skeletal warriors
  2 skysharks
  A spriggan druid (Elf:3)
  A phantasmal warrior (D:15)
  An orange crystal statue (Elf:2)
  8 deep elf archers
  A wizard (D:11)
  26 deep elf zephyrmancers
  28 deep elf pyromancers
  4 orc knights
  A necromancer (D:15)
  4 orc sorcerers (Orc:2)
  16 ugly things
  A fire giant zombie (D:15)
  9 cyclopes
  3 manticores
  2 ice statues (IceCv)
  Joseph (D:7)
  9 elephants
  4 black mambas
  A black mamba (shapeshifter) (Elf:3)
  3 torpor snails
  2 gargoyles
  10 cane toads
  2 unseen horrors
  Maggie (D:7)
  2 efreet
  4 rime drakes
  3 freezing wraiths
  5 yaktaurs (D:15)
  10 komodo dragons
  An anaconda simulacrum (IceCv)
  A tengu conjurer (D:14)
  10 trolls
  5 polar bears
  3 hornets
  6 saltlings
  17 blink frogs
  2 spriggan zombies (D:15)
  15 dream sheep
  8 slime creatures
  2 water elementals
  An air elemental (Elf:1)
  3 fire elementals
  A vampire (D:11)
  2 shadows
  22 yaks
  17 humans
  An unseen horror simulacrum (D:10)
  7 basilisks
  A wyvern (Lair:2)
  3 wraiths
  A steam dragon (D:7)
  8 vampire mosquitoes
  A harpy simulacrum (IceCv)
  2 wargs
  An acid dragon (D:12)
  A glowing shapeshifter skeleton (D:15)
  6 water moccasins
  2 ice beasts
  7 black bears
  A black bear (shapeshifter) (Elf:2)
  16 orc warriors
  5 ogres
  15 wolves
  3 centaurs
  5 boggarts (D:15)
  Blork the orc (D:5)
  A kobold brigand (D:8)
  9 bullfrogs
  An earth elemental (Elf:2)
  2 gnoll sergeants (Bailey)
  7 scorpions
  3 wights (D:10)
  An elephant simulacrum (IceCv)
  6 killer bees
  8 electric eels
  4 howler monkeys
  7 jellies
  13 orc priests
  4 hounds
  2 gnoll boudas
  2 sleepcaps (D:6)
  2 iguanas
  30 orc wizards
  2 polar bear simulacra (IceCv)
  14 hell rats
  22 gnolls
  7 adders
  A shadow imp (D:7)
  An ufetubus (D:6)
  2 worms (Lair:3)
  55 orcs
  4 endoplasms
  2 giant cockroaches (Lair:3)
  5 goblins
  3 hobgoblins
  8 jackals
  3 quokkas
  10 ball pythons
  2 bats (D:2)
  4 frilled lizards
  12 kobolds
  6 rats
740 creatures vanquished.

Vanquished Creatures (collateral kills)
  A deep elf annihilator (Elf:3)
1 creature vanquished.

Vanquished Creatures (others)
  Nessos (Lair:4)
  A deep elf knight (Elf:2)
  3 bushes (Lair:5)
  53 fungi
  4 pillars of salt (Orc:2)
  68 plants
  3 withered plants (D:15)
133 creatures vanquished.

Grand Total: 874 creatures vanquished

Notes
Turn   | Place    | Note
-------+----------+-------------------------------------------
     0 | D:1      | brinewave the Minotaur Berserker began the quest for the
                  | Orb.
     0 | D:1      | Reached XP level 1. HP: 19/19 MP: 0/0
   247 | D:1      | Reached XP level 2. HP: 27/27 MP: 1/1
   307 | D:1      | Reached skill level 4 in Axes
   968 | D:2      | Reached XP level 3. HP: 33/33 MP: 2/2
  1220 | D:2      | Reached XP level 4. HP: 40/40 MP: 3/3
  1370 | D:2      | Reached ** piety under Trog
  1399 | D:2      | Found Jorhouts's Assorted Antiques.
  1407 | D:2      | Bought a scroll of identify for 40 gold pieces
  1407 | D:2      | Bought a scroll of identify for 40 gold pieces
  1907 | D:3      | Reached skill level 5 in Axes
  2183 | D:3      | Reached XP level 5. HP: 32/47 MP: 4/4
  2396 | D:3      | Found a faded altar of an unknown god.
  2404 | D:3      | Found a shimmering blue altar of Sif Muna.
  2583 | D:3      | Found a blossoming altar of Fedhas.
  2835 | D:4      | Found an ornate altar of the Wu Jian Council.
  2925 | D:4      | Found a hazy altar of Hepliaklqana.
  3535 | D:5      | Entered Level 5 of the Dungeon
  3552 | D:5      | Noticed an ice beast
  3567 | D:5      | Killed an ice beast
  3568 | D:5      | Reached skill level 6 in Axes
  3568 | D:5      | Reached XP level 6. HP: 51/55 MP: 5/5
  3635 | D:5      | Reached skill level 5 in Fighting
  3738 | D:5      | Noticed Blork the orc
  3744 | D:5      | Killed Blork the orc
  3991 | D:5      | Reached XP level 7. HP: 61/61 MP: 6/6
  4005 | D:5      | Found a runed translucent door.
  4006 | D:5      | Noticed Crazy Yiuf
  4067 | D:5      | Reached *** piety under Trog
  4073 | D:5      | Reached skill level 7 in Axes
  4497 | D:6      | Reached skill level 5 in Armour
  4498 | D:6      | Found a staircase to the Ecumenical Temple.
  4501 | D:6      | You fall into a shaft and drop 3 floors!
  4515 | D:9      | Noticed a wraith
  4524 | D:9      | Killed a wraith
  4534 | D:9      | Noticed a manticore
  4544 | D:9      | Killed a manticore
  4545 | D:9      | Reached skill level 8 in Axes
  4545 | D:9      | Reached skill level 5 in Dodging
  4545 | D:9      | Reached XP level 8. HP: 71/71 MP: 7/7
  4551 | D:9      | Found a flagged portal.
  4551 | D:9      | Noticed a hornet
  4552 | D:9      | Paralysed by a hornet for 3 turns
  4563 | D:9      | Killed a hornet
  4577 | D:9      | Noticed a hornet
  4579 | D:9      | Reached skill level 9 in Axes
  4602 | D:9      | Killed a hornet
  4620 | D:8      | Reached XP level 9. HP: 10/79 MP: 8/8
  4839 | Bailey   | Entered a bailey
  5016 | Bailey   | Reached skill level 10 in Axes
  5607 | D:9      | Found a broken altar of Ashenzari.
  5694 | D:9      | Found a basalt altar of Yredelemnul.
  5784 | D:9      | Found a snail-covered altar of Cheibriados.
  6090 | D:7      | Noticed Joseph
  6119 | D:7      | Killed Joseph
  6120 | D:7      | Reached skill level 11 in Axes
  6220 | D:6      | Found Doutem's General Store.
  6238 | D:6      | Bought a scroll of teleportation for 36 gold pieces
  6238 | D:6      | Bought a potion of lignification for 36 gold pieces
  6449 | D:6      | Found a hide-covered altar of Uskayaw.
  6476 | D:6      | Reached **** piety under Trog
  6487 | D:6      | Found Zuicaa's Antique Weapon Emporium.
  6760 | D:7      | Reached XP level 10. HP: 90/90 MP: 9/9
  6786 | D:7      | Noticed Maggie
  6799 | D:7      | Killed Maggie
  6959 | D:7      | Found Myorchy's General Store.
  6964 | D:7      | Bought a potion of curing for 36 gold pieces
  6964 | D:7      | Bought a scroll of blinking for 90 gold pieces
  7005 | D:7      | Found a stormy altar of Qazlal.
  7655 | D:8      | Found a burning altar of Makhleb.
  7790 | D:8      | Reached skill level 12 in Axes
  8003 | D:8      | Found Sextargh's Magic Scroll Shoppe.
  8009 | D:8      | Bought a scroll of teleportation for 33 gold pieces
  8009 | D:8      | Bought a scroll of blinking for 82 gold pieces
  8009 | D:8      | Bought a scroll of fear for 44 gold pieces
  8009 | D:8      | Bought a scroll of identify for 22 gold pieces
  8009 | D:8      | Bought a scroll of identify for 22 gold pieces
  8009 | D:8      | Bought a scroll of identify for 22 gold pieces
  8502 | D:8      | Found an opulent altar of Gozag.
  8692 | D:9      | Found a runed translucent gate.
  8693 | D:9      | Found a runed translucent gate.
  8694 | D:9      | Found a runed translucent gate.
  8695 | D:9      | Noticed Vixxxy's ghost (novice MiFi)
  8695 | D:9      | Noticed a nine-headed hydra
  8706 | D:9      | Killed a 12-headed hydra
  8720 | D:9      | Killed Vixxxy's ghost
  8724 | D:9      | Identified the +10 scimitar of Youthful Indiscretion
                  | {venom, rF+}
  9328 | D:10     | Entered Level 10 of the Dungeon
  9417 | D:10     | Reached skill level 13 in Axes
  9778 | D:10     | Found a sacrificial altar of Ru.
  9782 | D:10     | Found an ancient bone altar of Kikubaaqudgha.
  9859 | D:10     | Noticed an ogre mage
  9868 | D:10     | Reached XP level 11. HP: 78/99 MP: 10/10
  9872 | D:10     | Killed an ogre mage
  9882 | D:10     | Reached skill level 10 in Fighting
 10022 | D:10     | Reached ***** piety under Trog
 10371 | D:11     | Reached skill level 10 in Armour
 10459 | D:11     | Reached skill level 14 in Axes
 10524 | D:11     | Noticed a skeletal warrior
 10544 | D:11     | Noticed a skeletal warrior
 10546 | D:11     | Noticed a skeletal warrior
 10547 | D:11     | Killed a skeletal warrior
 10573 | D:11     | Killed a skeletal warrior
 10577 | D:11     | Killed a skeletal warrior
 10794 | D:11     | Noticed a wizard
 10794 | D:11     | Noticed a deep elf annihilator
 10811 | D:11     | Killed a deep elf annihilator
 10813 | D:11     | Killed a wizard
 10883 | D:11     | Noticed a skeletal warrior
 10901 | D:11     | Killed a skeletal warrior
 10902 | D:11     | Noticed a skeletal warrior
 10905 | D:11     | Reached skill level 15 in Axes
 10929 | D:11     | Killed a skeletal warrior
 10930 | D:11     | Reached skill level 10 in Dodging
 10930 | D:11     | Reached XP level 12. HP: 104/110 MP: 11/11
 11036 | D:11     | Found a staircase to the Lair.
 11452 | D:11     | Noticed a centaur warrior
 11461 | D:11     | Killed a centaur warrior
 11747 | Lair:1   | Entered Level 1 of the Lair of Beasts
 11798 | Lair:1   | Identified the +1 leather armour of Rozemma {Str+2 Int-4
                  | Stlth+}
 12230 | Lair:1   | Identified the +2 sling of the Crypt {drain, Str+5 Stlth-}
 12528 | Lair:2   | Reached skill level 16 in Axes
 12543 | Lair:2   | Noticed a six-headed hydra
 12553 | Lair:2   | Noticed a four-headed hydra
 12554 | Lair:2   | Killed a seven-headed hydra
 12570 | Lair:2   | Killed a five-headed hydra
 12608 | Lair:2   | Received a gift from Trog
 12621 | Lair:2   | Found a frozen archway.
 12678 | IceCv    | Entered an ice cave
 12895 | IceCv    | Found a transporter.
 12906 | IceCv    | Found a transporter.
 12950 | IceCv    | Reached skill level 1 in Shields
 13105 | IceCv    | Identified 2 scrolls of acquirement
 13106 | IceCv    | Acquired 473 gold pieces
 13108 | IceCv    | Acquired 678 gold pieces
 13475 | D:2      | Bought a potion of curing for 60 gold pieces
 13475 | D:2      | Bought a potion of curing for 60 gold pieces
 13475 | D:2      | Bought a scroll of enchant weapon for 150 gold pieces
 13475 | D:2      | Bought a scroll of teleportation for 60 gold pieces
 13475 | D:2      | Bought a fizzy cyan potion for 18 gold pieces
 14409 | Lair:3   | Noticed a boulder beetle
 14421 | Lair:3   | Killed a boulder beetle
 14422 | Lair:3   | Reached XP level 13. HP: 119/119 MP: 12/12
 14592 | Lair:3   | Found a staircase to the Swamp.
 14910 | Lair:3   | Found a hole to the Spider Nest.
 14925 | Lair:3   | Reached skill level 17 in Axes
 15432 | Lair:4   | Found a staircase to the Slime Pits.
 15528 | Lair:4   | Noticed Nessos
 15534 | Lair:4   | Killed Nessos
 15601 | Lair:4   | Noticed a minotaur
 15601 | Lair:4   | Noticed Urrug's ghost (journeyman DjHW)
 15622 | Lair:4   | Found a runed translucent gate.
 15622 | Lair:4   | Found a runed translucent gate.
 15622 | Lair:4   | Found a runed translucent gate.
 15698 | Lair:4   | Killed a minotaur
 15785 | Lair:4   | Killed Urrug's ghost
 16158 | Lair:5   | Entered Level 5 of the Lair of Beasts
 16274 | Lair:4   | Reached skill level 5 in Shields
 16797 | Lair:5   | Received a gift from Trog
 17167 | Lair:5   | Reached XP level 14. HP: 130/130 MP: 13/13
 17613 | Lair:5   | Identified the staff of cold "Mujuci" {rC+ Int+2}
 18335 | D:12     | Reached skill level 18 in Axes
 18374 | D:12     | Reached ****** piety under Trog
 18438 | D:12     | Found a staircase to the Orcish Mines.
 18475 | D:12     | Found a sacrificial altar of Ru.
 18817 | D:12     | Noticed Rupert
 18840 | D:12     | Killed Rupert
 19304 | Orc:1    | Entered Level 1 of the Orcish Mines
 19417 | Orc:1    | Found a transporter.
 19417 | Orc:1    | Found a transporter.
 19419 | Orc:1    | Found a transporter.
 19425 | Orc:1    | Found a sparkling altar of Nemelex Xobeh.
 19426 | Orc:1    | Found a transporter.
 19426 | Orc:1    | Found a transporter.
 19426 | Orc:1    | Noticed a juggernaut
 19434 | Orc:1    | Found the +3 robe of Clouds {*Thunder rCloud rElec}
 19443 | Orc:1    | Killed a juggernaut
 19457 | Orc:1    | Found a transporter.
 19580 | Orc:2    | Entered Level 2 of the Orcish Mines
 19887 | Orc:2    | Received a gift from Trog
 20056 | Orc:2    | Found Ofaxug's Vocational Training.
 20275 | Orc:2    | Found a staircase to the Elven Halls.
 20387 | Orc:2    | Found Vehyl's Armour Shoppe.
 20389 | Orc:2    | Found Ivissoti's Weapon Shoppe.
 20415 | Orc:2    | Found Inaph's Distillery.
 20421 | Orc:2    | Bought a potion of haste for 170 gold pieces
 20421 | Orc:2    | Bought 2 potions of curing for 102 gold pieces
 20421 | Orc:2    | Bought a potion of curing for 51 gold pieces
 20677 | Orc:2    | Found Ciofatei's Antique Weapon Shoppe.
 20766 | Orc:2    | Reached XP level 15. HP: 139/139 MP: 14/14
 21010 | Orc:2    | Bought a manual of Evocations for 1200 gold pieces
 21050 | D:13     | Noticed Urug
 21050 | D:13     | Found a gate to the Vaults.
 21059 | D:13     | Reached skill level 1 in Evocations
 21059 | D:13     | Received a gift from Trog
 21060 | D:13     | Reached skill level 15 in Fighting
 21063 | D:13     | Killed Urug
 21829 | D:14     | Found a portal to a secret trove of treasure.
 21968 | D:14     | Reached skill level 15 in Armour
 22161 | D:14     | Noticed Jorgrun
 22180 | D:14     | Killed Jorgrun
 22492 | D:14     | Noticed Louise
 22514 | D:14     | Killed Louise
 22797 | D:15     | Entered Level 15 of the Dungeon
 23223 | D:15     | Found a staircase to the Depths.
 23239 | D:15     | Reached skill level 5 in Evocations
 23284 | D:15     | Received a gift from Trog
 23285 | D:15     | Reached skill level 10 in Shields
 24113 | Elf:1    | Entered Level 1 of the Elven Halls
 24295 | Elf:1    | Reached XP level 16. HP: 137/151 MP: 15/15
 24370 | Elf:1    | Found Cosooget's Armour Emporium.
 24815 | Elf:1    | Paralysed by an air elemental for 1 turns
 25696 | Elf:1    | Received a gift from Trog
 26479 | Elf:2    | Reached skill level 15 in Dodging
 27201 | Elf:2    | Found a huge runed translucent gate.
 27201 | Elf:2    | Found a huge runed translucent gate.
 27204 | Elf:2    | Found a huge runed translucent gate.
 27228 | Elf:2    | Found a huge runed translucent gate.
 27228 | Elf:2    | Found a huge runed translucent gate.
 27758 | Elf:2    | Received a gift from Trog
 28168 | Elf:3    | Entered Level 3 of the Elven Halls
 28836 | Elf:3    | Identified the +6 ring mail "Hasipn" {rElec Dex+2}
 28902 | Elf:3    | Noticed an Ice Fiend
 28914 | Elf:3    | Reached XP level 17. HP: 161/161 MP: 16/16
 29059 | Elf:3    | Reached skill level 10 in Evocations
 30062 | Elf:3    | Received a gift from Trog
 30099 | Elf:3    | Killed from afar by a ghostly deep elf sorcerer

Illustrated notes

Levels and vault maps discovered:
D:1:      scummos_arrival_forest, layout_loops_ring,
          chequers_serial_rivers_large_b
D:2:      layout_loops_ring, serial_shops, nicolae_shop_advertising_works
          [nicolae_subvault_shop_adworks], kennysheep_generic_room_8
D:3:      layout_basic, fedhas_ov_isle_minmay, nicolae_overflow_ecumenical_swirl
D:4:      layout_basic, lemuel_coloured_pillars_altar,
          nicolae_overflow_crystal_walls, minmay_door_square,
          minmay_misc_feat_x, minmay_misc_feat_tower, serial_park_tiny_1
D:5:      layout_basic, uniq_blork_the_orc, uniq_crazy_yiuf_cottage
D:6:      layout_rooms, nicolae_uskayaw_suspiria,
          minmay_temple_entry_mini_moons, serial_shops,
          nicolae_shop_tiny_waterfront, shop, st_stairs_6
D:7:      layout_cave_pods, lemuel_tele_altar, serial_shops,
          nicolae_shop_tiny_statue_garden, hangedman_decor_opposing,
          uniq_joseph, uniq_maggie
D:8:      layout_loops_corners, mainiacjoe_overflow_chevrons,
          mainiacjoe_overflow_alcove_4, serial_shops, shop
D:9:      layout_basic, cheibriados_altar_1, mainiacjoe_overflow_24_doors,
          evilmike_ruin_ashenzari, gammafunk_ghost_hydra_chop, enter_bailey_2
D:10:     minmay_curly_fans, layout_grid_maze,
          mainiacjoe_overflow_catwalk_spiral
D:11:     cheibrodos_wizards_tower, layout_irregular_city,
          due_lair_maze_entry_diamond
D:12:     layout_basic, erik_orc_4, nicolae_ru_sacrificial_ziggurat, uniq_rupert
D:13:     layout_roguey, david_vaults_3, kennysheep_boxes
D:14:     layout_loops_ring, nicolae_trove_entry_crossroad,
          corexii_corridor_pit, uniq_jorgrun, uniq_louise
D:15:     gammafunk_depths_entry_grave, layout_stronghold
Lair:1:   layout_chaotic_city, gammafunk_lair_bear_cave, grunt_megastairs_4,
          infiniplex_staircase_pool
Lair:2:   layout_loops_ring, portal_ice_cave_entry_pillars_2,
          serial_bayou_shore_b, grunt_megastairs_2
Lair:3:   layout_regular_city, swamp_mist, nicolae_spider_entry_non_spiders,
          chequers_serial_rivers_room_a, lemuel_fruit_tree
Lair:4:   layout_cave_shapes, minmay_slime_entry_pillars,
          maelrawn_ghost_gauntlet_escape, serial_bayou_shore_a, uniq_nessos
Lair:5:   grunt_lair_end_beastmaster, layout_layer_cave
Orc:1:    layout_caves, hellmonk_jugg_or_not
Orc:2:    hellmonk_orc_salted, layout_caves, nicolae_shop_vocational
Elf:1:    minmay_elf_arrival_circle, layout_loops_corners, serial_shops, shop,
          minmay_elf_sorcery
Elf:2:    elven_hall_of_blades_hangedman_alternative
          [nicolae_blade_entry_pointy_end], layout_loops_ring, minivault_16
Elf:3:    grunt_elf_hall_asides, layout_geoelf_castle, fountainhead,
          kilobyte_rumbling_trees

Skill      XL: |  1  2  3  4  5  6  7  8  9 10 11 12 13 14 15 16 17 |
---------------+----------------------------------------------------+-----
Axes           | 4 5 6 8 9 11 13 15 16 17 18 | 18.5
Fighting       | 4 5 6 7 8 9 11 12 13 14 16 17 | 17.3
Armour         | 3 4 5 6 8 9 10 12 13 14 15 16 17 | 17.2
Dodging        | 3 4 5 6 7 8 10 11 12 13 14 15 | 15.8
Shields        | 1 5 8 10 12 | 12.7
Evocations     | 6 9 10 | 10.3

Action                     |  1- 3 |  4- 6 |  7- 9 | 10-12 | 13-15 | 16-18 || total
---------------------------+-------+-------+-------+-------+-------+-------++-------
  Melee: Hand axe          |    64 |    56 |       |    52 |       |       ||   172
         Punch             |     2 |     1 |     1 |     7 |       |       ||    11
         Headbutt          |     8 |    20 |    39 |    98 |   218 |    73 ||   456
         Spear             |       |    66 |       |       |       |       ||    66
         Dire flail        |       |    19 |   114 |       |       |       ||   133
         Glaive            |       |       |    95 |   150 |       |       ||   245
         Trident           |       |       |    16 |       |       |       ||    16
         War axe           |       |       |       |   234 |   829 |   123 ||  1186
         Morningstar       |       |       |       |     9 |    65 |       ||    74
         Broad axe         |       |       |       |       |       |   296 ||   296
 Invoke: Berserk           |       |       |     5 |     4 |     1 |       ||    10
         Trog's Hand       |       |       |     1 |     2 |     1 |     1 ||     5
         Brothers in Arms  |       |       |       |       |       |     1 ||     1
    Use: Scroll            |     4 |    12 |     7 |    16 |     5 |     1 ||    45
         Potion            |       |       |       |     4 |       |       ||     4
   Stab: Distracted        |       |       |       |     2 |       |       ||     2
 Armour: Animal skin       |    10 |     1 |       |       |       |       ||    11
         Plate armour      |       |    79 |   192 |   255 |   332 |    69 ||   927
         Leather armour    |       |     3 |       |       |       |       ||     3
  Dodge: Dodged            |    41 |    62 |   171 |   179 |   255 |    53 ||   761
  Block: Other             |       |    12 |    98 |    79 |       |       ||   189
         Reflection        |       |       |     2 |     2 |    25 |    20 ||    49
         Kite shield       |       |       |       |    12 |   435 |       ||   447
         Tower shield      |       |       |       |       |   140 |   246 ||   386
